 Dungeon Crawl Stone Soup version 0.26-a0-668-gd58323b419 (webtiles) character file.

Game seed: 12605722835745519789

1602 somkeydreadnuts the Tainter (level 8, 0/41 HPs)
             Began as a Tengu Venom Mage on Oct 18, 2020.
             Was an Initiate of Gozag.
             Killed from afar by an electric eel (12 damage)
             ... with a bolt of electricity
             ... on level 9 of the Dungeon.
             The game lasted 01:07:08 (8614 turns).

somkeydreadnuts the Tainter (Tengu Venom Mage)      Turns: 8614, Time: 01:07:09

Health: 0/41       AC:  3    Str:  8    XL:     8   Next: 94%
Magic:  21/21      EV: 17    Int: 23    God:    Gozag
Gold:   909        SH:  5    Dex: 16    Spells: 1/11 levels left

rFire    . . .     SeeInvis .   t - +1 mace (vorpal)
rCold    . . .     Faith    .   (no shield)
rNeg     . . .     Spirit   .   a - +1 robe
rPois    .         Reflect  +   (helmet restricted)
rElec    .         Harm     .   (no cloak)
rCorr    .         Rampage  .   (no gloves)
MR       .....                  (boots unavailable)
Stlth    +++.......             w - amulet of reflection
HPRegen  0.13/turn              v - ring of magical power
MPRegen  0.17/turn              B - +6 ring of intelligence

@: flying quickly and evasively, quick
A: beak, talons 3, able to fly
a: Stop Flying, Potion Petition, Call Merchant, Bribe Branch, Renounce Religion


You were on level 9 of the Dungeon.
You worshipped Gozag.
Gozag was pleased with you.
You visited 1 branch of the dungeon, and saw 7 of its levels.

You collected 982 gold pieces.
You paid 73 gold pieces to Gozag.

Inventory:

Hand Weapons
 f - a +2 dagger of speed
 t - a +1 vorpal mace (weapon)
Missiles
 g - 44 bolts (quivered)
 o - 180 stones
Armour
 a - a +1 robe (worn)
 n - a +0 leather armour
Jewellery
 d - a +4 ring of evasion
 j - an uncursed ring of stealth
 v - a ring of magical power (left hand)
 w - an amulet of reflection (around neck)
 x - an uncursed amulet of faith
 B - a +6 ring of intelligence (right hand)
Wands
 c - a wand of enslavement (7)
 y - a wand of random effects (17)
 C - a wand of digging (6)
Scrolls
 b - 3 scrolls of silence {unknown}
 e - a scroll of fear
 i - a scroll of remove curse
 k - 4 scrolls of teleportation
 l - a scroll of identify
 m - a scroll of magic mapping
 p - a scroll of immolation {unknown}
 r - 3 scrolls of enchant armour
 s - 3 scrolls of amnesia
Potions
 h - 2 potions of heal wounds
 q - a potion of brilliance
 u - a potion of resistance
 z - a potion of might {unknown}
 A - a potion of ambrosia {unknown}
 D - a potion of magic {unknown}
 E - 2 potions of haste {unknown}


   Skills:
 - Level 0.6 Short Blades
 - Level 0.1 Maces & Flails
 - Level 4.4 Dodging
 - Level 3.5 Stealth
 - Level 2.1 Spellcasting
 * Level 6.7 Conjurations
 - Level 1.6 Transmutations
 - Level 2.4 Air Magic
 - Level 8.4 Poison Magic


You had one spell level left.
You knew the following spells:

 Your Spells              Type           Power        Failure   Level
a - Sting                 Tmut/Pois      ####         1%          1
b - Poisonous Vapours     Pois/Air       ####..       1%          2
c - Olgreb's Toxic Radia  Pois           #####...     4%          4
d - Mephitic Cloud        Conj/Pois/Air  ####....     3%          3

Your spell library contained the following spells:

 Spells                   Type           Power        Failure   Level
 Ignite Poison            Fire/Tmut/Pois ###.....     10%         3
 Confusing Touch          Hex            #.......     36%         3
 Gell's Gravitas          Tloc           #.........   36%         3
 Petrify                  Tmut/Erth      #.......     65%         4
 Yara's Violent Unravell  Hex/Tmut       #.........   94%         5
 Metabolic Englaciation   Hex/Ice        #.........   98%         5


Dungeon Overview and Level Annotations

Branches:
Dungeon (6/15)             Temple (0/1) D:5            Lair (0/6) D:9

Altars:
Cheibriados
Gozag
Uskayaw

Annotations:
D:6 Menkaure


Innate Abilities, Weirdness & Mutations

You have a beak for a mouth.
You have claws for feet.
You can fly continuously.


Message History

As you read the scroll of magic mapping, it crumbles to dust.
You feel aware of your surroundings.
The orc shouts!
The electric eel shoots out a bolt of lightning at you!
The bolt of electricity hits you!
You hear a shout!
Press: ? - help, v - describe, . - travel The floor.
The electric eel shoots out a bolt of lightning at you!
The bolt of electricity hits you.
An orc warrior comes into view. It is wielding a +0 battleaxe.
An orc priest comes into view. It is wielding a +0 club.
The electric eel shoots out a bolt of lightning at you!
The bolt of electricity hits you!
* * * LOW HITPOINT WARNING * * *
The iguana completely misses you.
The electric eel shoots out a bolt of lightning at you!
The bolt of electricity hits you!
You die...
Your body crumbles into a pile of gold.

,,,,,,* *** ***********,,*
,,,,,,* ##* *#≈≈≈≈** ***,,*
,,,,,,* #.###≈o≈≈≈≈***,*,,*
,,,,,,* #....≈≈.o.....,*,,,
,,,,,,* #...≈≈........,**,*
*,*,*** #..≈..$.≈o....,**,* *,*,*
#..≈.o≈≈..≈...,,,,,
*,*,*****######...≈;o...≈...,,***
,,,,,,,,,.......@...s⌠≈≈....,,*
,,*,*****#####....l.≈≈⌠.....,,*
**,,,,,* #.....≈....≈≈..,****
**,,,,,* #.....≈).≈≈..≈.,**,,
,*,,,,,* #......≈≈....≈.,**,,
,*,$,,,* #..........≈≈..,**,,
,*,,,,,* #.........≈≈..$,**,,
,,,,,,,* #..###≈;≈≈≈≈###,**,,
,*,,,,,* #.#* ##≈≈≈≈## ****,,


You could see an orc warrior, a scorpion, an iguana, 2 electric eels, an orc
priest and 3 orcs.

Vanquished Creatures
  Edmund (D:6)
  Duvessa (D:6)
  An ogre (D:4)
  2 bullfrogs (D:6)
  A scorpion (D:4)
  Dowan (D:6)
  A howler monkey (D:2)
  A jelly (D:5)
  4 hounds
  5 orc priests
  2 bullfrog skeletons
  Natasha (thrice) (D:4)
  12 orc wizards
  A worker ant (D:4)
  A hound skeleton (D:6)
  A howler monkey zombie (D:5)
  A gnoll (D:4)
  5 adders
  A shadow imp (D:5)
  A white imp (D:5)
  An ufetubus (D:6)
  An ooze (D:1)
  2 worms
  4 dart slugs
  3 leopard geckos (D:4)
  32 orcs
  6 bats
  9 giant cockroaches
  6 goblins
  10 hobgoblins
  13 jackals
  5 quokkas
  3 ball pythons
  2 frilled lizards (D:2)
  5 kobolds
  A quokka zombie (D:5)
  9 rats
158 creatures vanquished.

Notes
Turn   | Place    | Note
-------+----------+-------------------------------------------
     0 | D:1      | somkeydreadnuts the Tengu Venom Mage began the quest for
                  | the Orb.
     0 | D:1      | Reached XP level 1. HP: 10/10 MP: 4/4
   117 | D:1      | Reached XP level 2. HP: 2/15 MP: 6/6
   992 | D:1      | Reached XP level 3. HP: 19/19 MP: 4/7
  1511 | D:2      | Found a faded altar of an unknown god.
  1826 | D:2      | Reached XP level 4. HP: 14/24 MP: 2/8
  2063 | D:2      | Reached skill level 4 in Poison Magic
  2744 | D:2      | Gained mutation: You can fly continuously. [Tengu growth]
  2744 | D:2      | Reached XP level 5. HP: 21/28 MP: 3/9
  3448 | D:3      | Found an opulent altar of Gozag.
  3476 | D:3      | Became a worshipper of Gozag Ym Sagoz the Greedy
  3734 | D:3      | Found a snail-covered altar of Cheibriados.
  3778 | D:3      | Reached skill level 5 in Poison Magic
  3778 | D:3      | Reached XP level 6. HP: 11/32 MP: 3/10
  4794 | D:4      | Reached skill level 6 in Poison Magic
  4794 | D:4      | Reached XP level 7. HP: 14/36 MP: 11/11
  5051 | D:4      | Learned a level 2 spell: Poisonous Vapours
  5110 | D:4      | Reached skill level 1 in Transmutations
  5133 | D:4      | Reached skill level 1 in Air Magic
  5436 | D:4      | Noticed Natasha
  5455 | D:4      | Killed Natasha
  5525 | D:4      | Noticed Natasha
  5529 | D:4      | Killed Natasha
  5588 | D:4      | Noticed Natasha
  5591 | D:4      | Killed Natasha
  5591 | D:4      | Reached skill level 7 in Poison Magic
  5897 | D:5      | Entered Level 5 of the Dungeon
  5952 | D:5      | Learned a level 4 spell: Olgreb's Toxic Radiance
  6730 | D:5      | Reached XP level 8. HP: 41/41 MP: 12/12
  7167 | D:5      | Found a staircase to the Ecumenical Temple.
  7283 | D:5      | Reached skill level 8 in Poison Magic
  7466 | D:5      | Learned a level 3 spell: Mephitic Cloud
  7657 | D:5      | Reached skill level 1 in Conjurations
  7770 | D:6      | Noticed Dowan
  7772 | D:6      | Noticed Duvessa
  7777 | D:6      | Killed Dowan
  7783 | D:6      | Killed Duvessa
  8189 | D:6      | Noticed Menkaure
  8229 | D:6      | Reached skill level 5 in Conjurations
  8362 | D:6      | Noticed Edmund
  8376 | D:6      | Killed Edmund
  8608 | D:6      | Found a hide-covered altar of Uskayaw.
  8609 | D:6      | You are sucked into a shaft and drop 3 floors!
  8614 | D:9      | Killed from afar by an electric eel

Illustrated notes

Levels and vault maps discovered:
D:1:      lemuel_arrival_broad_hall, layout_basic, hex_intersection
D:2:      layout_loops_cross, chequers_ecumenical_altar_simple_redux
D:3:      layout_loops_ring, nicolae_gozag_seed_capital, old_standard_altar,
          bh_walls_and_bars
D:4:      layout_rooms, st_stairs_4, uniq_natasha
D:5:      layout_loops_ring, minmay_temple_entry_hall
D:6:      layout_basic, kennysheep_mini_moat, kennysheep_little_box,
          lemuel_zombie_altar_yredelemnul, uniq_menkaure, uniq_edmund,
          uniq_duvessa
D:9:      cheibrodos_helix_gallery, layout_basic, lair_entry_dummy,
          kennysheep_generic_room_13, uniq_harold

Skill      XL: |  1  2  3  4  5  6  7  8 |
---------------+-------------------------+-----
Dodging        | 3 4 |  4.4
Stealth        | 3 |  3.5
Poison Magic   | 4 5 6 7 8 |  8.4
Transmutations | 1 |  1.6
Air Magic      | 2 |  2.4
Conjurations   | 6 |  6.7
Short Blades   | |  0.6
Maces & Flails | |  0.1
Spellcasting   | |  2.1

Action                   |  1- 3 |  4- 6 |  7- 9 || total
-------------------------+-------+-------+-------++-------
Melee: Unarmed           |    20 |       |       ||    20
       Kick              |     8 |    12 |    22 ||    42
       Peck              |     6 |    11 |    16 ||    33
       Dagger            |    19 |    65 |    74 ||   158
       Mace              |       |       |    24 ||    24
 Cast: Sting             |    54 |    89 |    40 ||   183
       Poisonous Vapours |       |       |    79 ||    79
       Olgreb's Toxic Ra |       |       |     2 ||     2
       Mephitic Cloud    |       |       |     1 ||     1
 Abil: Fly               |       |     1 |       ||     1
  Use: Potion            |       |       |     3 ||     3
       Scroll            |       |       |    12 ||    12
 Stab: Sleeping          |       |       |     1 ||     1
Armor: Robe              |     8 |     1 |     5 ||    14
Dodge: Dodged            |    28 |    48 |    68 ||   144
Block: Other             |       |       |    18 ||    18
       Reflection        |       |       |     3 ||     3

Table legend: (Time is in decaauts)
 A = Elapsed time spent in this place.
 B = Non-inter-level travel time spent in this place.
 C = Inter-level travel time spent in this place.
 D = Time resting spent in this place.
 E = Time spent auto-exploring this place.
 F = Levels seen in this place.
 G = Mean time per level.
                   A        B        C        D        E       F      G
               +--------+--------+--------+--------+--------+-----+--------+
         Total |   8288 |   8283 |      5 |      0 |   5713 |   7 | 1184.0 |
       Dungeon |   8288 |   8283 |      5 |      0 |   5713 |   7 | 1184.0 |
               +--------+--------+--------+--------+--------+-----+--------+

Top non-repeatable levels by time:
     D:4: 1634 daAuts
     D:3: 1604 daAuts
     D:1: 1506 daAuts
     D:5: 1388 daAuts
     D:2: 1384 daAuts
     D:6: 765 daAuts
     D:9: 4 daAuts
